 Dungeon Crawl Stone Soup version 0.29.0 (webtiles) character file.

Game seed: 12494876726281507056

182 jagoly the Insei (level 5, -1/34 HPs)
             Began as an Octopode Transmuter on Sept 11, 2022.
             Slain by an endoplasm (2 damage)
             ... in a sewer.
             The game lasted 00:10:18 (2311 turns).

jagoly the Insei (Octopode Transmuter)              Turns: 2311, Time: 00:10:18

Health: -1/34      AC:  8    Str: 10    XL:     5   Next: 61%
Magic:  8/8        EV: 13    Int: 17    God:
Gold:   140        SH:  0    Dex: 12    Spells: 3/9 levels left

rFire   . . .      SeeInvis .   a - +1 dagger (protect)
rCold   . . .      Faith    .   (no shield)
rNeg    . . .      Spirit   .   (helmet restricted)
rPois   +          Reflect  .   (no amulet)
rElec   .          Harm     .   n - ring of poison resistance
rCorr   .          Rampage  .   (no ring)
Will    .....                   (no ring)
Stlth   ++++......              (no ring)
HPRegen 0.11/turn               (no ring)
MPRegen 0.11/turn               (no ring)
                                (no ring)
                                (no ring)

@: under a protective aura
A: almost no armour, amphibious, 8 rings, camouflage 1, gelatinous body 1,
nimble swimmer 1, tentacles
a: no special abilities


You were in a sewer.
You visited 1 branch of the dungeon, and saw 3 of its levels.
You also visited: Sewer.

You collected 140 gold pieces.

Inventory:

Hand Weapons
 a - a +1 dagger of protection (weapon)
 o - a +0 sling
Missiles
 b - 26 stones
 e - 6 javelins
 u - 4 poisoned darts
Jewellery
 m - a ring of ice
 n - a ring of poison resistance (left tentacle)
Scrolls
 f - 2 scrolls of teleportation {unknown}
 g - 6 scrolls of identify {unknown}
 j - 2 scrolls of fear {unknown}
 p - 2 scrolls of magic mapping {unknown}
 q - 2 scrolls of fog {unknown}
 v - a scroll of summoning {unknown}
 x - a scroll of vulnerability {unknown}
Potions
 c - a potion of haste {unknown}
 d - a potion of lignification
 h - a potion of mutation {unknown}
 i - 2 potions of curing {unknown}
 k - a potion of flight {unknown}
 l - a potion of degeneration {unknown}
 r - a potion of magic {unknown}
 s - a potion of attraction {unknown}
 t - a potion of might {unknown}
 w - a potion of heal wounds {unknown}


   Skills:
 + Level 1.9 Fighting
 + Level 2.6 Dodging
 + Level 2.1 Stealth
 + Level 3.4 Unarmed Combat
 + Level 2.5 Spellcasting
 * Level 2.9 Transmutations
 * Level 1.4 Earth Magic
 - Level 2.0 Poison Magic


You had 3 spell levels left.
You knew the following spells:

 Your Spells              Type           Power      Damage    Failure   Level
A - Beastly Appendage     Tmut           24%        N/A       5%          1
P - Spider Form           Tmut/Pois      10%        N/A       21%         3
W - Wereblood             Tmut           12%        N/A       9%          2

Your spell library contained the following spells:

 Spells                   Type           Power      Damage    Failure   Level
 Dazzling Flash           Conj/Hex       4%         N/A       50%         3
 Ice Form                 Ice/Tmut       7%         N/A       69%         4
 Agony                    Necr           2%         N/A       99%         5
 Silence                  Hex/Air        1%         N/A       99%         5


Dungeon Overview and Level Annotations

Branches:
Dungeon (3/15) Zot: 15928   Sewer (1/1) Zot: 5762

Altars:

Shops:
D:2 :


Innate Abilities, Weirdness & Mutations

You cannot wear most types of armour.
You are amphibious.
You can wear up to eight rings at the same time.
Your skin changes colour to match your surroundings (Stealth+).
Your rubbery body absorbs attacks. (AC +1, EV +1)
You are camouflaged when in or above water. (Stealth+)
You have tentacles for arms and can constrict up to eight enemies at once.


Message History

Unknown command.
You puncture the jelly!
You feel a bit better.
You kill the jelly!
You howl as the wereblood boils in your veins!
Your primal bloodlust has ended.
The endoplasm hits you but does no damage.
The rat barely misses you.
Unknown command.
You hit the ball python but do no damage.
You grab the ball python. You constrict the ball python.
The ball python misses you. The ball python barely misses you.
The rat closely misses you. The endoplasm freezes you.
You are frozen.
* * * LOW HITPOINT WARNING * * *
You hit the ball python.
You kill the ball python!
The endoplasm freezes you.
You are frozen.
* * * LOW HITPOINT WARNING * * *
The rat bites you but does no damage.
Unknown command.
Okay, then.
You hit the endoplasm.
The endoplasm is lightly wounded.
The endoplasm freezes you.
You are frozen.
* * * LOW HITPOINT WARNING * * *
The rat completely misses you. The rat misses you.
Unknown command.
Okay, then.
Okay, then.
Unknown command.
You aren't carrying any items that you can evoke.
Unknown command.
You hit the endoplasm but do no damage.
You tentacle-slap the endoplasm, but do no damage.
The endoplasm is lightly wounded.
The endoplasm hits you.
You die...

#~~~#.~.~~~.##
#.~.##.~~##~.~#
J...##~..~~##~.##
~~~~#!.~#~.##~.~##
###~.##.##..##~†..#
## ~.~###.~.# S∩
#..~.# #~~.##
##r@## #~rJ# #...##
~..~.## ...~.~~
~...### ..~. #[! #.


You could see an endoplasm and 2 rats.

Vanquished Creatures
  2 jellies (Sewer)
  3 gnolls (D:3)
  2 adders
  2 worms (D:3)
  7 ball pythons
  6 bats
  12 endoplasms
  A giant cockroach (D:2)
  6 goblins
  7 hobgoblins
  3 jackals (D:1)
  2 quokkas (D:2)
  6 frilled lizards
  3 kobolds
  6 rats
68 creatures vanquished.

Notes
Turn   | Place    | Note
-------+----------+-------------------------------------------
     0 | D:1      | jagoly the Octopode Transmuter began the quest for the Orb.
     0 | D:1      | Reached XP level 1. HP: 13/13 MP: 3/3
   246 | D:1      | Reached XP level 2. HP: 13/18 MP: 3/5
   249 | D:1      | Learned a level 2 spell: Wereblood
   323 | D:1      | Found a faded altar of an unknown god.
   416 | D:1      | Reached skill level 1 in Poison Magic
   674 | D:1      | Reached skill level 1 in Stealth
   674 | D:1      | Reached XP level 3. HP: 23/23 MP: 2/6
   996 | D:2      | Identified the +2 robe of Virtue {-Cast Fly rF++ SInv}
  1345 | D:2      | Found Geejaj's Book Shop.
  1669 | D:3      | Reached XP level 4. HP: 27/28 MP: 5/7
  2009 | D:3      | Found a glowing drain.
  2074 | Sewer    | Entered a sewer
  2110 | Sewer    | Reached skill level 1 in Earth Magic
  2267 | Sewer    | Reached XP level 5. HP: 34/34 MP: 8/8
  2271 | Sewer    | Learned a level 3 spell: Spider Form
  2310 | Sewer    | HP: 1/34 [frozen (1)]
  2311 | Sewer    | Slain by an endoplasm

Illustrated notes

Levels and vault maps discovered:
D:1:      amcnicky_arrival_gap_in_the_tavern_cellar, layout_loops_cross,
          nicolae_ecumenical_snake_handling
D:2:      wander_river, layout_loops_ring, serial_shops, nicolae_shop_trees,
          serial_rivers, chequers_serial_rivers_micro_b,
          chequers_serial_rivers_micro_a, chequers_serial_rivers_small_b,
          chequers_serial_rivers_room_a
D:3:      layout_rooms, cheibrodos_sewer_entry_bend
Sewer:    sewer_hellmonk_slimy_pipes

Skill      XL: |  1  2  3  4  5 |
---------------+----------------+-----
Poison Magic   | 1 2 |  2.0
Stealth        | 1 2 |  2.1
Earth Magic    | 1 |  1.4
Fighting       | |  1.9
Dodging        | |  2.6
Unarmed Combat | |  3.4
Spellcasting   | |  2.5
Transmutations | |  2.9

Action                   |  1- 3 |  4- 6 || total
-------------------------+-------+-------++-------
Melee: Unarmed           |    11 |       ||    11
       Dagger            |    62 |    67 ||   129
       Kick              |    13 |    17 ||    30
       Constrict         |    16 |    16 ||    32
       Tentacles         |    13 |    16 ||    29
       Punch             |     2 |     2 ||     4
 Cast: Beastly Appendage |    13 |    10 ||    23
       Wereblood         |     2 |     1 ||     3
 Stab: Sleeping          |     8 |     5 ||    13
Armor: Skin              |    16 |    15 ||    31
Dodge: Dodged            |    53 |    30 ||    83
